 Dungeon Crawl Stone Soup version 0.30-a0-972-gf3ab3527aa (webtiles) character file.

Game seed: 4060461391574628618

142455 mopl the Polluter (level 17, -6/131 HPs)
             Began as a Formicid Venom Mage on Mar 30, 2023.
             Was a High Priest of Cheibriados.
             Mangled by an emperor scorpion (19 damage)
             ... on level 3 of the Spider Nest on Mar 31, 2023.
             The game lasted 00:53:49 (20090 turns).

mopl the Polluter (Formicid Venom Mage)            Turns: 20090, Time: 00:53:50

Health: -6/131     AC: 11    Str: 27    XL:     17   Next: 97%
Magic:  1/26       EV: 25    Int: 37    God:    Cheibriados [*****.]
Gold:   2623       SH: 29    Dex: 30    Spells: 14/22 levels left

rFire   + + .      SeeInvis +    a - +5 war axe of Ambiguity {drain, rElec rF+}
rCold   + . .      Faith    .    M - +2 tower shield
rNeg    . . .      Spirit   .    V - +0 troll leather armour
rPois   +          Reflect  +    (helmet unavailable)
rElec   +          Rampage  .    W - scarf {rC+ rF+}
rCorr   .                        z - +0 pair of gloves
Will    +....                    D - +2 pair of boots of Sin {Slay+2 Stlth+}
Stlth   ++++                     R - amulet "Axzuucs" {Reflect Dex+2 SH+5}
HPRegen 1.21/turn                x - +5 ring of evasion
MPRegen 0.20/turn                X - ring of poison resistance

@: mighty, marked, very slow
A: permanent stasis, dig shafts and tunnels, antennae 3, four strong arms
a: Dig, Shaft Self, Renounce Religion, Bend Time, Temporal Distortion, Slouch,
Step From Time


You were on level 3 of the Spider Nest.
You worshipped Cheibriados.
Cheibriados was extremely pleased with you.
You visited 5 branches of the dungeon, and saw 26 of its levels.
You also visited: Ossuary.

You collected 2884 gold pieces.
You spent 261 gold pieces at shops.

Inventory:

Hand Weapons
 a - the +5 war axe of Ambiguity (weapon) {drain, rElec rF+}
   (You found it on level 2 of the Dungeon)

   rF:        It protects you from fire.
   rElec:     It insulates you from electricity.
 f - a +9 executioner's axe of flaming
Missiles
 d - 64 poisoned darts
 l - 2 boomerangs of dispersal
 t - 4 throwing nets
 F - 43 boomerangs
Armour
 z - a +0 pair of gloves (worn)
 D - the +2 pair of boots of Sin (worn) {Slay+2 Stlth+}
   (You found it on level 13 of the Dungeon)

   Slay:      It affects your accuracy & damage with ranged weapons and melee
   (+2).
   Stlth:     It makes you more stealthy.
 M - a +2 tower shield (worn)
 V - a +0 troll leather armour (worn)
 W - a scarf of resistance (worn)
Magical Staves
 b - a staff of poison
Jewellery
 g - the ring "Pinien" {Will+ SInv}
   (You found it on level 12 of the Dungeon)

   [ring of see invisible]

   SInv:      It lets you see invisible.
   Will:      It increases your willpower.
 x - a +5 ring of evasion (left hand)
 C - an amulet of magic regeneration
 J - the ring "Vuwumux" {Fly MP+9 Dex+3}
   (You found it on level 3 of the Lair of Beasts)

   [ring of magical power]

   Dex:       It affects your dexterity (+3).
   MP:        It affects your magic capacity (+9).
   Fly:       It grants you flight.
 Q - a ring of positive energy
 R - the amulet "Axzuucs" (around neck) {Reflect Dex+2 SH+5}
   (You took it off a centaur warrior on level 15 of the Dungeon)

   [amulet of reflection]

   It reflects blocked missile attacks.
   Dex:       It affects your dexterity (+2).
   SH:        It affects your SH (+5).
 U - a ring of resist corrosion
 X - a ring of poison resistance (right hand)
Wands
 o - a wand of light (13)
 r - a wand of flame (52)
 y - a wand of roots (20)
 E - a wand of polymorph (27)
 G - a wand of mindburst (31)
 O - a wand of paralysis (11)
Scrolls
 c - 2 scrolls of vulnerability
 h - a scroll of amnesia
 i - 3 scrolls of summoning
 q - 4 scrolls of magic mapping
 A - 3 scrolls of fear
 B - 6 scrolls of fog {unknown}
 I - 4 scrolls of immolation {unknown}
 K - 3 scrolls of silence {unknown}
 S - 4 scrolls of poison
Potions
 m - 5 potions of might
 n - 5 potions of magic
 p - 2 potions of flight
 s - 2 potions of ambrosia
 v - 9 potions of curing
 L - a potion of brilliance
Miscellaneous
 e - a lightning rod (4/4)
 Y - a phantom mirror


   Skills:
 + Level 11.2 Fighting
 * Level 13.1 Axes
 + Level 9.2 Throwing
 + Level 11.1 Armour
 + Level 9.7 Dodging
 - Level 2.4 Stealth
 + Level 12.2 Shields
 - Level 3.0 Spellcasting
 - Level 1.1 Transmutations
 + Level 16.3 Poison Magic
 + Level 12.1 Invocations
 + Level 10.0 Evocations


You had 14 spell levels left.
You knew the following spells:

 Your Spells              Type           Power      Damage    Failure   Level
a - Sting                 Tmut/Pois      100%       1d8       1%          1
c - Mephitic Cloud        Conj/Pois/Air  45%        N/A       5%          3
o - Olgreb's Toxic Radia  Pois           90%        N/A       1%          4

Your spell library contained the following spells:

 Spells                   Type           Power      Damage    Failure   Level
 Poisonous Vapours        Pois/Air       100%       N/A       1%          2
 Spider Form              Tmut/Pois      63%        N/A       1%          3
 Cigotuvi's Dreadful Rot  Necr/Pois/Air  90%        N/A       2%          2
 Beastly Appendage        Tmut           26%        N/A       11%         1
 Apportation              Tloc           10%        N/A       16%         1
 Kiss of Death            Conj/Necr      20%        2d7       16%         1
 Necrotise                Necr           20%        1d5       16%         1
 Shock                    Conj/Air       20%        1d4       16%         1
 Slow                     Hex            20%        N/A       16%         1
 Summon Small Mammal      Summ           20%        N/A       16%         1
 Wereblood                Tmut           13%        N/A       16%         2
 Passwall                 Tmut/Erth      7%         N/A       21%         2
 Ensorcelled Hibernation  Hex/Ice        10%        N/A       24%         2
 Confusing Touch          Hex            5%         N/A       43%         3
 Gell's Gravitas          Tloc           5%         N/A       43%         3
 Portal Projectile        Hex/Tloc       10%        N/A       43%         3
 Teleport Other           Tloc           5%         N/A       43%         3
 Tukima's Dance           Hex            5%         N/A       43%         3
 Vampiric Draining        Necr           5%         2d6       43%         3
 Airstrike                Air            2%         2d(1-17)  85%         4
 Dispel Undead            Necr           5%         3d7       85%         4
 Summon Lightning Spire   Summ/Air       5%         N/A       85%         4
 Blade Hands              Tmut           6%         N/A       96%         5
 Plasma Beam              Fire/Air       2%         2x1d9     99%         5
 Dispersal                Tloc           2%         N/A       100%        6
 Swiftness                Air            Unusable   N/A       N/A         3

Dungeon Overview and Level Annotations

Branches:
Dungeon (15/15)            Temple (1/1) D:5            Lair (5/5) D:11
 Shoals (0/4) Lair:3       Spider (3/4) Lair:3        Slime (0/5) Lair:4
    Orc (2/2) D:10            Elf (0/3) Orc:2        Vaults (0/5) D:13
 Depths (0/4) D:15        Ossuary (visited)

Altars:
Cheibriados
Elyvilon
Kikubaaqudgha
Okawaru
Sif Muna
Zin
The Shining One
Jiyva
Lugonu

Shops:
D:4 :   D:7 [   D:9 *   D:11 :   D:13 (   Orc:2 ([*(=

Portals:
Abyss: D:4

Annotations:
Lair:2 3 runed translucent doors, Qeegir's ghost, journeyman HOFi


Innate Abilities, Weirdness & Mutations

You cannot be hasted, slowed, berserked, paralysed or teleported.
You can dig through walls and to a lower floor.
You have a pair of large antennae on your head. (SInv)
Your four strong arms can wield two-handed weapons with a shield.


Message History

You block the emperor scorpion's attack.
The emperor scorpion claws you.
* * * LOW HITPOINT WARNING * * *
The emperor scorpion claws you but does no damage.
The emperor scorpion simulacrum completely misses you.
You block the emperor scorpion simulacrum's attack.
The emperor scorpion simulacrum claws you.
* * * LOW HITPOINT WARNING * * *
The emperor scorpion simulacrum freezes you!
You resist.
* * * LOW HITPOINT WARNING * * *
Unknown command.
You feel much better.
You block the emperor scorpion's attack. x3
You block the culicivora's attack. The emperor scorpion stings you!!
* * * LOW HITPOINT WARNING * * *
The emperor scorpion claws you.
* * * LOW HITPOINT WARNING * * *
The emperor scorpion misses you.
You block the emperor scorpion simulacrum's attack.
The emperor scorpion simulacrum claws you but does no damage.
The emperor scorpion simulacrum misses you.
Unknown command.
Aiming: Paralyse
Press: ? - help, Shift-Dir - straight line, f/p - emperor scorpion simulacrum
Aim: an emperor scorpion simulacrum (chance to affect: 73%)
The emperor scorpion simulacrum struggles to resist.
You block the culicivora's attack.
You block the emperor scorpion's attack. x2
The emperor scorpion misses you.
You block the emperor scorpion simulacrum's attack.
The emperor scorpion simulacrum completely misses you.
You block the emperor scorpion simulacrum's attack.
Unknown command.
Aiming: Paralyse
Press: ? - help, Shift-Dir - straight line, f/p - emperor scorpion simulacrum
Aim: an emperor scorpion simulacrum (chance to affect: 73%)
The emperor scorpion simulacrum suddenly stops moving!
You block the culicivora's attack. The emperor scorpion stings you!!
You die...

#....#^..........^
#..#^#.........# #.#
.....^.....#.#.@...#.>..
#..........#^#s.s.......
.............†.......
#^###.......##†.##...
....††..^ w†...#.
..##...... ...##.
....#..###.... .s#?.....
†#..# ..#.#.... ...^.


You could see a broodmother (fleeing), an emperor scorpion, a torpor snail, a
demonic crawler (fleeing), a culicivora (summoned) and an emperor scorpion
simulacrum (paralysed).

Vanquished Creatures
  Arachne (Spider:2)
  Jorgrun (Orc:2)
  Rupert (Orc:2)
  A sphinx (D:15)
  Kirke (Spider:1)
  A frost giant (D:15)
  4 emperor scorpions
  2 orc warlords
  2 fire dragons (D:15)
  3 entropy weavers
  2 vault guards (D:13)
  An ice dragon (D:15)
  7 hydras
  Erolcha (Orc:1)
  5 catoblepae
  5 centaur warriors
  A radroach (Spider:3)
  3 two-headed ogres
  6 boulder beetles
  3 tengu warriors
  17 death yaks
  A deep troll earth mage (D:15)
  4 orc high priests
  A deep elf knight (D:13)
  Nergalle (D:10)
  5 pharaoh ants
  A sixfirhy (D:14)
  A skyshark (Lair:2)
  A sun moth (Spider:1)
  4 orb spiders
  2 wizards (D:13)
  A steelbarb worm (Spider:2)
  A deep elf archer (D:15)
  A necromancer (D:13)
  5 orc knights
  A lindwurm (Lair:5)
  13 ugly things
  2 deep elf pyromancers
  6 oklob plants
  11 cyclopes
  7 wolf spiders
  6 manticores
  2 black mambas
  6 orc sorcerers
  A moth of wrath (Spider:2)
  20 elephants
  2 demonic crawlers
  A rust devil (D:14)
  2 orange demons (D:14)
  2 gargoyles
  9 cane toads
  2 unseen horrors
  A kobold demonologist (D:12)
  2 rime drakes
  2 komodo dragons (Lair:5)
  3 tengu conjurers (D:14)
  An efreet (D:15)
  2 merfolk (Lair:3)
  A red devil (D:14)
  3 meliai (D:14)
  A hellwing (D:14)
  An ancient zyme (D:4)
  6 trolls
  Prince Ribbit (D:5)
  15 tarantellas
  A hornet (D:15)
  14 slime creatures
  6 dream sheep (Lair:5)
  10 blink frogs
  15 jumping spiders
  12 culicivoras
  2 wraiths
  5 wyverns
  43 yaks
  A vampire (D:12)
  A small abomination (D:4)
  2 steam dragons
  4 hogs (Spider:1)
  7 basilisks
  A neqoxec (D:14)
  20 humans
  The ghost of emiel the Cudgeller, an amateur FoFi (D:4)
  6 vampire mosquitoes
  A chaos spawn (D:14)
  44 redbacks
  Menkaure (D:5)
  Edmund (D:5)
  13 water moccasins
  5 wargs (Orc:1)
  2 acid dragons
  Duvessa (D:6)
  3 sky beasts (D:7)
  2 ice beasts
  40 orc warriors
  2 black bears (D:6)
  11 ogres
  16 wolves
  A phantom (D:6)
  The ghost of bmj180 the Digger, an amateur GrEE (D:3)
  3 bullfrogs
  4 kobold brigands
  8 wights
  Dowan (D:6)
  11 killer bees
  6 electric eels
  4 howler monkeys
  A crimson imp (D:7)
  21 orc priests
  3 jellies
  6 hounds
  Crazy Yiuf (D:6)
  Ijyb (D:3)
  Jessica (D:3)
  A gnoll bouda (D:4)
  4 iguanas
  A sleepcap (D:8)
  24 orc wizards
  A mummy (Ossuary)
  12 adders
  6 gnolls
  A hound simulacrum (D:3)
  2 shadow imps (D:4)
  A white imp (D:3)
  An ufetubus (D:4)
  5 worms
  3 dart slugs
  2 adder simulacra (D:3)
  82 orcs
  7 spectral bats (Ossuary)
  11 bats
  5 bat simulacra (Ossuary)
  7 endoplasms
  5 giant cockroaches
  12 gnoll zombies (Ossuary)
  11 goblins
  4 hobgoblins
  3 quokkas
  6 ball pythons
  A ball python simulacrum (D:3)
  2 frilled lizards (D:3)
  A giant cockroach simulacrum (D:3)
  A goblin simulacrum (Ossuary)
  A goblin skeleton (D:7)
  9 goblin zombies
  5 hobgoblin zombies
  19 kobolds
  2 kobold simulacra (Ossuary)
  A kobold skeleton (D:7)
  9 orc zombies
  8 rats
  4 rat simulacra (Ossuary)
  5 spectral goblins (Ossuary)
  3 spectral kobolds (Ossuary)
  2 spectral rats (Ossuary)
885 creatures vanquished.

Vanquished Creatures (others)
  An ogre mage (D:15)
  A demonic plant (D:14)
  14 fungi
  33 plants
49 creatures vanquished.

Grand Total: 934 creatures vanquished

Notes
Turn   | Place    | Note
-------+----------+-------------------------------------------
     0 | D:1      | mopl the Formicid Venom Mage began the quest for the Orb.
     0 | D:1      | Reached XP level 1. HP: 13/13 MP: 3/3
    74 | D:1      | Reached XP level 2. HP: 19/19 MP: 0/5
   412 | D:1      | Reached XP level 3. HP: 23/24 MP: 4/7
   677 | D:2      | Identified the +5 war axe of Ambiguity {drain, rElec rF+}
   689 | D:2      | Reached skill level 3 in Spellcasting
   754 | D:2      | Reached skill level 5 in Poison Magic
   896 | D:2      | Found a faded altar of an unknown god.
  1154 | D:2      | Reached XP level 4. HP: 21/30 MP: 8/8
  1159 | D:2      | Learned a level 4 spell: Olgreb's Toxic Radiance
  1424 | D:3      | Noticed bmj180's ghost (amateur GrEE)
  1437 | D:3      | Noticed Ijyb
  1444 | D:3      | Reached skill level 1 in Axes
  1450 | D:3      | Killed Ijyb
  1475 | D:3      | Noticed Jessica
  1476 | D:3      | Reached skill level 6 in Poison Magic
  1481 | D:3      | Killed Jessica
  1482 | D:3      | Reached XP level 5. HP: 24/35 MP: 9/9
  1541 | D:3      | Found a runed translucent gate.
  1541 | D:3      | Found a runed translucent gate.
  1541 | D:3      | Found a runed translucent gate.
  1587 | D:3      | Reached skill level 2 in Axes
  2006 | D:3      | Reached skill level 7 in Poison Magic
  2006 | D:3      | Reached XP level 6. HP: 22/41 MP: 10/10
  2328 | D:4      | You fall into a shaft and drop 1 floor!
  2328 | D:5      | Entered Level 5 of the Dungeon
  2330 | D:5      | Noticed Edmund
  2347 | D:5      | Killed Edmund
  2348 | D:5      | Reached skill level 3 in Axes
  2348 | D:5      | Reached skill level 8 in Poison Magic
  2366 | D:5      | Reached XP level 7. HP: 35/46 MP: 2/11
  2407 | D:5      | Identified the +6 scale mail of Time Monsters {+Blink rC+
                  | rCorr Dex-4}
  2426 | D:4      | Found a transporter.
  2445 | D:4      | Found a transporter.
  2453 | D:4      | Noticed emiel's ghost (amateur FoFi)
  2462 | D:4      | Found a one-way gate to the infinite horrors of the Abyss.
  2462 | D:4      | Noticed a small abomination
  2859 | D:4      | Found Gurim's Book Shoppe.
  2916 | D:4      | Learned a level 3 spell: Mephitic Cloud
  2981 | D:5      | Noticed Prince Ribbit
  2991 | D:5      | Killed Prince Ribbit
  2992 | D:5      | Reached skill level 4 in Axes
  2992 | D:5      | Reached skill level 9 in Poison Magic
  2992 | D:5      | Reached XP level 8. HP: 39/52 MP: 4/12
  3067 | D:5      | Reached skill level 10 in Poison Magic
  3090 | D:5      | Found a staircase to the Ecumenical Temple.
  3099 | Temple   | Entered the Ecumenical Temple
  3192 | Temple   | Became a worshipper of Cheibriados the Contemplative
  3284 | D:5      | Noticed Menkaure
  3289 | D:5      | Killed Menkaure
  3290 | D:5      | Reached skill level 2 in Dodging
  3290 | D:5      | Reached skill level 1 in Invocations
  3682 | D:6      | Reached skill level 1 in Fighting
  3682 | D:6      | Reached skill level 1 in Armour
  3887 | D:6      | Found a runed translucent door.
  3888 | D:6      | Noticed Crazy Yiuf
  3950 | D:6      | Reached skill level 2 in Invocations
  3953 | D:6      | Reached skill level 2 in Fighting
  3953 | D:6      | Reached skill level 5 in Axes
  3953 | D:6      | Reached skill level 2 in Armour
  3953 | D:6      | Reached XP level 9. HP: 47/61 MP: 6/13
  4076 | D:6      | Noticed Duvessa
  4080 | D:6      | Noticed Dowan
  4084 | D:6      | Killed Duvessa
  4087 | D:6      | Killed Dowan
  4235 | D:6      | Reached * piety under Cheibriados
  4236 | D:6      | Reached skill level 3 in Dodging
  4347 | D:6      | Killed Crazy Yiuf
  4348 | D:6      | Reached skill level 3 in Invocations
  4424 | D:7      | Reached skill level 3 in Fighting
  4424 | D:7      | Reached skill level 3 in Armour
  4424 | D:7      | Reached skill level 11 in Poison Magic
  4558 | D:7      | Found a sand-covered staircase.
  4565 | Ossuary  | Entered an ossuary
  4610 | Ossuary  | Reached ** piety under Cheibriados
  4775 | Ossuary  | Reached *** piety under Cheibriados
  4851 | D:7      | Reached skill level 4 in Invocations
  4899 | D:7      | Found a glowing golden altar of the Shining One.
  5010 | D:7      | Found Wuvuac's Armour Shop.
  5560 | D:8      | Reached **** piety under Cheibriados
  5561 | D:8      | Reached skill level 4 in Fighting
  5561 | D:8      | Reached skill level 6 in Axes
  5574 | D:8      | Reached XP level 10. HP: 57/71 MP: 10/14
  5586 | D:8      | Identified the +8 bardiche of the Extremes {venom, Int+3
                  | SInv}
  6092 | D:9      | Reached skill level 4 in Armour
  6100 | D:9      | Reached skill level 4 in Dodging
  6100 | D:9      | Reached skill level 1 in Shields
  6254 | D:9      | Reached skill level 2 in Shields
  6254 | D:9      | Reached skill level 5 in Invocations
  6488 | D:9      | Reached skill level 5 in Fighting
  6493 | D:9      | Reached skill level 3 in Shields
  6664 | D:9      | Found Boassi's Gadget Gallery.
  6753 | D:9      | Upgraded the game from 0.30-a0-964-gd452b5e7fa to
                  | 0.30-a0-972-gf3ab3527aa
  6766 | D:10     | Entered Level 10 of the Dungeon
  6828 | D:10     | Noticed Nergalle
  6840 | D:10     | Killed Nergalle
  6841 | D:10     | Reached skill level 1 in Throwing
  6841 | D:10     | Reached skill level 5 in Armour
  6841 | D:10     | Reached skill level 1 in Evocations
  6992 | D:10     | Reached skill level 12 in Poison Magic
  6999 | D:10     | Reached ***** piety under Cheibriados
  7000 | D:10     | Reached XP level 11. HP: 71/80 MP: 13/15
  7019 | D:10     | Found a shimmering blue altar of Sif Muna.
  7049 | D:10     | Reached skill level 4 in Shields
  7049 | D:10     | Reached skill level 6 in Invocations
  7049 | D:10     | Reached skill level 2 in Evocations
  7408 | D:10     | Found a staircase to the Orcish Mines.
  7414 | D:10     | Reached skill level 7 in Axes
  7414 | D:10     | Reached skill level 5 in Dodging
  7419 | D:10     | Reached skill level 2 in Throwing
  7934 | D:11     | Noticed a boulder beetle
  7941 | D:11     | Killed a boulder beetle
  8020 | D:11     | Reached skill level 6 in Fighting
  8020 | D:11     | Reached skill level 3 in Evocations
  8066 | D:11     | Noticed a cyclops
  8076 | D:11     | Killed a cyclops
  8077 | D:11     | Reached skill level 3 in Throwing
  8077 | D:11     | Reached skill level 5 in Shields
  8085 | D:11     | Found a staircase to the Lair.
  8183 | D:11     | Found a glowing silver altar of Zin.
  8183 | D:11     | Noticed an angel
  8259 | D:11     | Found Iziusel's Book Boutique.
  8315 | D:11     | Reached skill level 6 in Armour
  8502 | Orc:1    | Entered Level 1 of the Orcish Mines
  8502 | Orc:1    | Noticed an orc sorcerer
  8502 | Orc:1    | Noticed an orc warlord
  8502 | Orc:1    | Noticed an orc knight
  8503 | Orc:1    | Noticed an orc sorcerer
  8507 | Orc:1    | Killed an orc sorcerer
  8507 | Orc:1    | Killed an orc sorcerer
  8508 | Orc:1    | Reached skill level 7 in Invocations
  8508 | Orc:1    | Reached XP level 12. HP: 68/89 MP: 5/17
  8508 | Orc:1    | Noticed an orc high priest
  8509 | Orc:1    | Reached skill level 6 in Shields
  8509 | Orc:1    | Reached skill level 4 in Evocations
  8516 | D:10     | Killed an orc warlord
  8517 | D:10     | Reached skill level 4 in Throwing
  8763 | Orc:1    | Killed an orc high priest
  8764 | Orc:1    | Reached skill level 6 in Dodging
  8764 | Orc:1    | Reached skill level 13 in Poison Magic
  9083 | Orc:1    | Noticed Erolcha
  9091 | Orc:1    | Killed Erolcha
  9092 | Orc:1    | Reached skill level 8 in Axes
  9094 | Orc:1    | Reached skill level 7 in Fighting
  9156 | Orc:2    | Entered Level 2 of the Orcish Mines
  9156 | Orc:2    | Found Cationot's Weapon Boutique.
  9183 | Orc:2    | Noticed Rupert
  9184 | Orc:2    | Found a staircase to the Elven Halls.
  9199 | Orc:2    | Killed Rupert
  9200 | Orc:2    | Reached skill level 7 in Armour
  9248 | Orc:2    | Reached skill level 5 in Evocations
  9302 | Orc:2    | Reached skill level 7 in Shields
  9302 | Orc:2    | Reached skill level 8 in Invocations
  9304 | Orc:2    | Reached XP level 13. HP: 46/96 MP: 7/19
  9304 | Orc:2    | Noticed an orc warlord
  9335 | Orc:2    | Killed an orc warlord
  9336 | Orc:2    | Reached skill level 5 in Throwing
  9406 | Orc:2    | Noticed Jorgrun
  9418 | Orc:2    | Killed Jorgrun
  9594 | Orc:2    | Reached skill level 6 in Evocations
  9607 | Orc:2    | Reached skill level 8 in Shields
  9681 | Orc:2    | Found Uqyewilo's Antique Armour Shop.
  9682 | Orc:2    | Found Geufav's Antique Weapon Shop.
  9683 | Orc:2    | Found Firipat's General Store.
  9683 | Orc:2    | Found Ytoodiow's Jewellery Boutique.
  9687 | Orc:2    | Bought a potion of heal wounds for 90 gold pieces
  9687 | Orc:2    | Bought a scroll of identify for 36 gold pieces
  9852 | Orc:2    | Reached skill level 8 in Fighting
  9969 | Orc:2    | Bought a scroll of blinking for 135 gold pieces
 10079 | Lair:1   | Entered Level 1 of the Lair of Beasts
 10235 | Lair:1   | Reached skill level 8 in Armour
 10235 | Lair:1   | Reached skill level 7 in Dodging
 10680 | Lair:2   | Reached skill level 9 in Invocations
 10680 | Lair:2   | Identified a scroll of acquirement
 10681 | Lair:2   | Acquired a +5 executioner's axe of venom
 10734 | Lair:2   | Reached skill level 9 in Axes
 10734 | Lair:2   | Reached skill level 6 in Throwing
 10737 | Lair:2   | Reached skill level 14 in Poison Magic
 10738 | Lair:2   | Reached XP level 14. HP: 84/105 MP: 20/20
 11358 | Lair:2   | Found a runed translucent gate.
 11358 | Lair:2   | Found a runed translucent gate.
 11358 | Lair:2   | Found a runed translucent gate.
 11363 | Lair:2   | Noticed Qeegir's ghost (journeyman HOFi)
 11689 | Lair:3   | Reached skill level 9 in Shields
 11710 | Lair:3   | Identified the ring "Vuwumux" {Fly MP+9 Dex+3}
 11764 | Lair:3   | Found a hole to the Spider Nest.
 11848 | Lair:3   | Reached skill level 7 in Evocations
 12057 | Lair:3   | Found a staircase to the Shoals.
 12420 | Lair:4   | Reached skill level 10 in Axes
 12450 | Lair:4   | Reached skill level 9 in Fighting
 12706 | Lair:4   | Found a staircase to the Slime Pits.
 12714 | Lair:4   | Found a viscous altar of Jiyva.
 12849 | Lair:4   | Reached skill level 9 in Armour
 12855 | Lair:4   | Reached skill level 7 in Throwing
 12855 | Lair:4   | Reached XP level 15. HP: 108/113 MP: 22/22
 13221 | Lair:5   | Entered Level 5 of the Lair of Beasts
 13248 | Lair:5   | Reached skill level 10 in Invocations
 13602 | Lair:5   | Reached skill level 8 in Dodging
 13856 | Lair:5   | Reached skill level 10 in Shields
 13982 | Lair:5   | Reached skill level 8 in Evocations
 14047 | Lair:5   | Reached ****** piety under Cheibriados
 14049 | Lair:5   | Reached skill level 15 in Poison Magic
 14052 | Lair:5   | Reached skill level 11 in Axes
 14638 | D:3      | Killed bmj180's ghost
 14758 | D:4      | Killed emiel's ghost
 14962 | D:12     | Found a corrupted altar of Lugonu.
 15355 | D:12     | Identified the ring "Pinien" {Will+ SInv}
 15721 | D:13     | Identified the +2 pair of boots of Sin {Slay+2 Stlth+}
 15740 | D:13     | Reached XP level 16. HP: 116/122 MP: 24/24
 16008 | D:13     | Found Vuuwkooh's Antique Weapon Shop.
 16039 | D:13     | Reached skill level 10 in Fighting
 16245 | D:13     | Reached skill level 8 in Throwing
 16377 | D:13     | Found a gate to the Vaults.
 16384 | D:13     | Reached skill level 10 in Armour
 16580 | D:14     | Reached skill level 11 in Invocations
 16715 | D:14     | Reached skill level 11 in Shields
 17319 | D:15     | Entered Level 15 of the Dungeon
 17432 | D:15     | Reached skill level 12 in Axes
 17432 | D:15     | Reached skill level 9 in Evocations
 17467 | D:15     | Reached skill level 9 in Dodging
 17839 | D:15     | Noticed a frost giant
 17842 | D:15     | Noticed a sphinx
 17849 | D:15     | Killed a frost giant
 17853 | D:15     | Killed a sphinx
 17952 | D:15     | Reached XP level 17. HP: 27/129 MP: 25/25
 17975 | D:15     | Identified the amulet "Axzuucs" {Reflect Dex+2 SH+5}
 18132 | D:15     | Found a staircase to the Depths.
 18457 | Spider:1 | Entered Level 1 of the Spider Nest
 18724 | Spider:1 | Noticed Kirke
 18741 | Spider:1 | Killed Kirke
 19443 | Spider:1 | Reached skill level 16 in Poison Magic
 19598 | Spider:2 | Reached skill level 9 in Throwing
 19607 | Spider:2 | Reached skill level 11 in Fighting
 19607 | Spider:2 | Reached skill level 12 in Shields
 19690 | Spider:2 | Noticed Arachne
 19710 | Spider:2 | Killed Arachne
 20021 | Spider:3 | Reached skill level 11 in Armour
 20021 | Spider:3 | Reached skill level 12 in Invocations
 20023 | Spider:3 | Reached skill level 13 in Axes
 20086 | Spider:3 | Reached skill level 10 in Evocations
 20087 | Spider:3 | HP: 5/131 [emperor scorpion simulacrum (13)]
 20090 | Spider:3 | Mangled by an emperor scorpion

Illustrated notes

Levels and vault maps discovered:
D:1:      minmay_arrival_open_corners, layout_loops_ring
D:2:      layout_loops_ring, chequers_ecumenical_altar_island
D:3:      minmay_bubble_buster, layout_loops_ring, gammafunk_ghost_icy,
          guppyfry_early_lair_pool, uniq_jessica, uniq_ijyb
D:4:      layout_basic, gammafunk_ghost_abyssal_escape, serial_shops,
          nicolae_shop_statue_plus
D:5:      layout_cave_pools, minmay_temple_entry_mist, corner_web_ring,
          uniq_menkaure, uniq_edmund, uniq_prince_ribbit1
D:6:      layout_loops_ring, uniq_crazy_yiuf_cottage, uniq_duvessa
D:7:      layout_basic, nicolae_tso_besieged_by_evil, serial_shops,
          nicolae_shop_stone, lightli_ossuary_entry_decrepit_ruins
D:8:      layout_rooms
D:9:      layout_cave_pools, nicolae_shop_gadgets
D:10:     layout_loops_corners, mainiacjoe_overflow_paths, david_orc_2,
          item_on_display_a, uniq_nergalle
D:11:     layout_roguey, erik_lair_island, serial_shops, shop, zin_angel
D:12:     layout_basic, tgw_lugonu_bribe
D:13:     layout_stronghold, grunt_vaults_entry_tiered, serial_shops,
          nicolae_diamond_shop
D:14:     layout_irregular_city, serial_demonic, serial_demonic_e,
          serial_demonic_e, serial_demonic_d, serial_demonic_e
D:15:     grunt_enter_depths_hoard, layout_cross, chequers_serial_rivers_marsh,
          minmay_checkered_concentric_circles
Temple:   mainiacjoe_temple_cubbyholes
Lair:1:   layout_big_grid, serial_bayou_shore_b
Lair:2:   layout_hall_layers, gammafunk_ghost_necromancy
Lair:3:   dpeg_oklob_shooting_range, layout_misc_corridors,
          elwin_shoals_entry_rooms, spider_nest_entry_a
Lair:4:   layout_regular_city, minmay_slime_entry_oklob_open
Lair:5:   evilmike_catoblepas_cave, layout_cellular_growth,
          infiniplex_staircase_pool_2, grunt_megastairs_4
Spider:1: layout_spider_delve, uniq_kirke
Spider:2: layout_spider_delve, nicolae_spider_spiderdrome, uniq_arachne
Spider:3: layout_spider_delve
Orc:1:    layout_caves, serial_shops, mines_bat_river, uniq_erolcha
Orc:2:    st_orc_congregation, layout_diamond_mine, serial_shops, shop,
          uniq_rupert, uniq_jorgrun

Skill      XL: |  1  2  3  4  5  6  7  8  9 10 11 12 13 14 15 16 17 |
---------------+----------------------------------------------------+-----
Spellcasting   | 3 |  3.0
Poison Magic   | 5 6 7 8 9 10 11 12 13 14 15 16 | 16.3
Axes           | 1 2 3 4 5 6 7 8 9 10 11 12 13 | 13.1
Dodging        | 2 3 4 5 6 7 8 9 |  9.7
Invocations    | 2 4 5 7 8 9 10 11 12 | 12.1
Fighting       | 2 4 5 6 7 8 9 10 11 | 11.2
Armour         | 2 3 5 6 7 8 9 10 11 | 11.1
Shields        | 3 5 7 8 9 10 11 12 | 12.2
Throwing       | 1 3 4 6 7 8 9 |  9.2
Evocations     | 1 3 5 6 7 8 9 10 | 10.0
Stealth        | |  2.4
Transmutations | |  1.1

Action                     |  1- 3 |  4- 6 |  7- 9 | 10-12 | 13-15 | 16-18 || total
---------------------------+-------+-------+-------+-------+-------+-------++-------
  Melee: Short sword       |    34 |       |       |       |       |       ||    34
         War axe           |    18 |    88 |   231 |   192 |   566 |   439 ||  1534
         Punch             |       |     2 |     3 |       |       |       ||     5
         Dire flail        |       |       |       |       |    16 |       ||    16
         Executioner's axe |       |       |       |       |     2 |    22 ||    24
  Throw: Dart              |       |       |       |     2 |       |       ||     2
         Boomerang         |       |       |       |       |    72 |     5 ||    77
   Cast: Sting             |    33 |       |     1 |       |     2 |       ||    36
         Olgreb's Toxic Ra |       |     4 |    23 |    49 |    80 |    73 ||   229
         Mephitic Cloud    |       |       |       |     4 |     3 |     1 ||     8
 Invoke: Slouch            |       |       |       |     6 |    11 |    13 ||    30
Ability: Dig               |       |       |     1 |       |       |       ||     1
  Evoke: Wand              |       |       |     7 |     6 |     2 |    15 ||    30
         Phantom mirror    |       |       |       |     1 |       |       ||     1
    Use: Scroll            |       |       |       |     8 |    11 |     9 ||    28
         Potion            |       |       |       |     1 |       |     4 ||     5
   Stab: Sleeping          |     6 |     4 |    12 |     2 |     6 |     4 ||    34
         Distracted        |       |     1 |       |       |     2 |       ||     3
         Confused          |       |       |       |       |     1 |     3 ||     4
         Paralysed         |       |       |       |       |       |     1 ||     1
 Armour: Robe              |    11 |    20 |    29 |    12 |       |       ||    72
         Troll leather arm |       |       |       |     1 |    74 |    73 ||   148
  Dodge: Dodged            |    47 |    64 |   225 |   189 |   347 |   456 ||  1328
  Block: Buckler           |       |       |       |    36 |       |       ||    36
         Kite shield       |       |       |       |    54 |     3 |       ||    57
         Tower shield      |       |       |       |       |   715 |   811 ||  1526
         Reflection        |       |       |       |       |       |     2 ||     2

Table legend: (Time is in decaauts)
 A = Elapsed time spent in this place.
 B = Non-inter-level travel time spent in this place.
 C = Inter-level travel time spent in this place.
 D = Time resting spent in this place.
 E = Time spent auto-exploring this place.
 F = Levels seen in this place.
 G = Mean time per level.
                   A        B        C        D        E       F      G
               +--------+--------+--------+--------+--------+-----+--------+
         Total |  31223 |  28106 |   3117 |   1316 |  20035 |  27 | 1156.4 |
       Dungeon |  18381 |  16366 |   2015 |   1061 |  11832 |  15 | 1225.4 |
        Temple |    156 |     93 |     63 |      0 |     80 |   1 |  156.0 |
          Lair |   7305 |   6680 |    625 |    167 |   5112 |   5 | 1461.0 |
   Spider Nest |   2794 |   2666 |    128 |     63 |   1763 |   3 |  931.3 |
  Orcish Mines |   2225 |   1941 |    284 |     25 |   1093 |   2 | 1112.5 |
       Ossuary |    360 |    360 |      0 |      0 |    153 |   1 |  360.0 |
               +--------+--------+--------+--------+--------+-----+--------+

Top non-repeatable levels by time:
    D:10: 2459 daAuts
  Lair:5: 2008 daAuts
    D:15: 1774 daAuts
Spider:1: 1734 daAuts
    D:13: 1661 daAuts
  Lair:4: 1651 daAuts
     D:7: 1466 daAuts
    D:14: 1437 daAuts
   Orc:2: 1366 daAuts
  Lair:2: 1357 daAuts
    D:12: 1324 daAuts
  Lair:3: 1184 daAuts
  Lair:1: 1103 daAuts
    D:11: 1086 daAuts
     D:6: 1079 daAuts
